TOP OF THE 1ST |
St. Louis Cardinals batting - Pitching for Cleveland Indians : RHP Andy Zecher
|
Pitching: RHP Andy Zecher
|
|
Batting: LHB Tommy Luce
|
0-0: Foul Ball, location: 2F 0-1: Ball 1-1: Called Strike 1-2: Ball 2-2: Foul Ball, location: 2F 2-2: Strikes out swinging
|
Batting: RHB Tenshou Takita
|
0-0: Swinging Strike 0-1: Ball 1-1: Ground out 6-3 (Groundball, 6, EV 103.8 MPH)
|
Batting: SHB Antoine Roux
|
0-0: Ball 1-0: Swinging Strike 1-1: Ball 2-1: Called Strike 2-2: DOUBLE (Line Drive, 8LXD, EV 108.8 MPH)
|
Batting: LHB Alex Vargas
|
0-0: Called Strike 0-1: Foul Ball, location: 2F 0-2: Strikes out swinging
|
Top of the 1st over - 0 runs, 1 hit, 0 errors, 1 left on base; St. Louis 0 - Cleveland 0 |
BOTTOM OF THE 1ST |
Cleveland Indians batting - Pitching for St. Louis Cardinals : RHP Geoff Mooney
|
Pitching: RHP Geoff Mooney
|
|
Batting: RHB Drtian Thaqi
|
0-0: Called Strike 0-1: Foul Ball, location: 2F 0-2: Strikes out swinging, 2-3 out at first.
|
Batting: LHB Kyle Schaible
|
0-0: Swinging Strike 0-1: Fly out, F8 (Line Drive, 8RM, EV 102.5 MPH)
|
Batting: SHB Moe Lester
|
0-0: Swinging Strike 0-1: Ground out 4-3 (Groundball, 34, EV 88.1 MPH)
|
Bottom of the 1st over - 0 runs, 0 hits, 0 errors, 0 left on base; St. Louis 0 - Cleveland 0 |
TOP OF THE 2ND |
St. Louis Cardinals batting - Pitching for Cleveland Indians : RHP Andy Zecher
|
Batting: LHB John Blair
|
0-0: Ball 1-0: Foul Ball, location: 2F 1-1: Ball 2-1: Ground out 6-3 (Groundball, 6M, EV 100.6 MPH)
|
Batting: RHB Bobby Scholl
|
0-0: Foul Ball, location: 2F 0-1: Ball 1-1: Ball 2-1: Fly out, F8 (Flyball, 8RD, EV 102.5 MPH)
|
Batting: RHB Francisco Hernandez
|
0-0: Called Strike 0-1: Ball 1-1: Ball 2-1: Ball 3-1: Called Strike 3-2: Base on Balls
|
Batting: RHB Rick O'Reilly
|
0-0: Ball 1-0: Ball 2-0: Fly out, F7 (Flyball, 7LM, EV 105.0 MPH)
|
Top of the 2nd over - 0 runs, 0 hits, 0 errors, 1 left on base; St. Louis 0 - Cleveland 0 |
BOTTOM OF THE 2ND |
Cleveland Indians batting - Pitching for St. Louis Cardinals : RHP Geoff Mooney
|
Batting: SHB Merrick Geter
|
0-0: Ball 1-0: Called Strike 1-1: Ball 2-1: Fly out, F7 (Flyball, 7, EV 86.3 MPH)
|
Batting: LHB Arvin Dungca
|
0-0: Foul Ball, location: 2F 0-1: Called Strike 0-2: Fly out, F7 (Flyball, 78M, EV 85.6 MPH)
|
Batting: LHB Fernando Campos
|
0-0: Called Strike 0-1: Foul Ball, location: 2F 0-2: Ball 1-2: Fly out, F7 (Flyball, 7S, EV 95.0 MPH)
|
Bottom of the 2nd over - 0 runs, 0 hits, 0 errors, 0 left on base; St. Louis 0 - Cleveland 0 |
TOP OF THE 3RD |
St. Louis Cardinals batting - Pitching for Cleveland Indians : RHP Andy Zecher
|
Batting: RHB Dustin Clark
|
0-0: Ball 1-0: Ball 2-0: Ball 3-0: Called Strike 3-1: SINGLE (Line Drive, 78S, EV 92.5 MPH)
|
Batting: LHB Tommy Luce
|
0-0: Called Strike 0-1: Foul Ball, location: 2F 0-2: Ball 1-2: Ball 2-2: Fielders Choice at 2nd, 3-6 (Groundball, 3, EV 90.6 MPH)
|
Batting: RHB Tenshou Takita
|
0-0: Ball Tommy Luce is caught stealing 2nd base 2-4 1-0: Foul Ball, location: 2F 1-1: Ball 2-1: Ground out 1-3 (Groundball, 13S, EV 73.8 MPH)
|
Top of the 3rd over - 0 runs, 1 hit, 0 errors, 0 left on base; St. Louis 0 - Cleveland 0 |
BOTTOM OF THE 3RD |
Cleveland Indians batting - Pitching for St. Louis Cardinals : RHP Geoff Mooney
|
Batting: LHB Hector Pedroso
|
0-0: Ball 1-0: Called Strike 1-1: Ball 2-1: Fly out, F8 (Line Drive, 8LM, EV 95.0 MPH)
|
Batting: SHB Dan Hill
|
0-0: Ball 1-0: Ball 2-0: Ground out 4-3 (Groundball, 4, EV 105.0 MPH)
|
Batting: RHB Justin Ganey
|
0-0: Called Strike 0-1: Ball 1-1: Fly out, F8 (Flyball, 89XD, EV 92.5 MPH)
|
Bottom of the 3rd over - 0 runs, 0 hits, 0 errors, 0 left on base; St. Louis 0 - Cleveland 0 |
TOP OF THE 4TH |
St. Louis Cardinals batting - Pitching for Cleveland Indians : RHP Andy Zecher
|
Batting: SHB Antoine Roux
|
0-0: Ball 1-0: Ball 2-0: Fly out, F8 (Line Drive, 8LD, EV 110.6 MPH)
|
Batting: LHB Alex Vargas
|
0-0: Called Strike 0-1: SINGLE (Line Drive, 8RS, EV 110.0 MPH)
|
Batting: LHB John Blair
|
0-0: Ball 1-0: Swinging Strike 1-1: Ball 2-1: SINGLE (Groundball, 25, EV 61.9 MPH) (infield hit) Alex Vargas to second
|
Batting: RHB Bobby Scholl
|
0-0: Ball 1-0: Swinging Strike 1-1: Called Strike 1-2: Strikes out looking
|
Batting: RHB Francisco Hernandez
|
0-0: Called Strike 0-1: Fly out, F7 (Flyball, 7LM, EV 87.5 MPH)
|
Top of the 4th over - 0 runs, 2 hits, 0 errors, 2 left on base; St. Louis 0 - Cleveland 0 |
BOTTOM OF THE 4TH |
Cleveland Indians batting - Pitching for St. Louis Cardinals : RHP Geoff Mooney
|
Batting: RHB Drtian Thaqi
|
0-0: Foul Ball, location: 2F 0-1: Foul Ball, location: 2F 0-2: Foul Ball, location: 2F 0-2: Ball 1-2: Strikes out looking
|
Batting: LHB Kyle Schaible
|
0-0: Fly out, F8 (Line Drive, 8LD, EV 92.5 MPH)
|
Batting: SHB Moe Lester
|
0-0: Ball 1-0: Fly out, F6 (Popup, 6MS, EV 70.0 MPH)
|
Bottom of the 4th over - 0 runs, 0 hits, 0 errors, 0 left on base; St. Louis 0 - Cleveland 0 |
TOP OF THE 5TH |
St. Louis Cardinals batting - Pitching for Cleveland Indians : RHP Andy Zecher
|
Batting: RHB Rick O'Reilly
|
0-0: Ball 1-0: Called Strike 1-1: Foul Ball, location: 2F 1-2: Foul Ball, location: 2F 1-2: Ground out 4-3 (Groundball, 4, EV 86.9 MPH)
|
Batting: RHB Dustin Clark
|
0-0: Foul Ball, location: 2F 0-1: Ball 1-1: Swinging Strike 1-2: Ball 2-2: Strikes out looking
|
Batting: LHB Tommy Luce
|
0-0: Foul Ball, location: 2F 0-1: Ball 1-1: Called Strike 1-2: Ball 2-2: Ground out 6-3 (Groundball, 6MD, EV 105.0 MPH)
|
Top of the 5th over - 0 runs, 0 hits, 0 errors, 0 left on base; St. Louis 0 - Cleveland 0 |
BOTTOM OF THE 5TH |
Cleveland Indians batting - Pitching for St. Louis Cardinals : RHP Geoff Mooney
|
Batting: SHB Merrick Geter
|
0-0: Ball 1-0: Ball 2-0: Ball 3-0: Called Strike 3-1: Foul Ball, location: 2F 3-2: Foul Ball, location: 2F 3-2: Base on Balls
|
Batting: LHB Arvin Dungca
|
0-0: Ball 1-0: Called Strike 1-1: Ball 2-1: Ball 3-1: Grounds into double play, 4-6-3 (Groundball, 4, EV 82.5 MPH)
|
Batting: LHB Fernando Campos
|
0-0: Foul Ball, location: 2F 0-1: Ball 1-1: Foul Ball, location: 2F 1-2: Strikes out looking
|
Bottom of the 5th over - 0 runs, 0 hits, 0 errors, 0 left on base; St. Louis 0 - Cleveland 0 |
TOP OF THE 6TH |
St. Louis Cardinals batting - Pitching for Cleveland Indians : RHP Andy Zecher
|
Batting: RHB Tenshou Takita
|
0-0: Swinging Strike 0-1: Foul Ball, location: 2F 0-2: Strikes out looking
|
Batting: SHB Antoine Roux
|
0-0: Ball 1-0: Ground out 5-3 (Groundball, 56, EV 106.3 MPH)
|
Batting: LHB Alex Vargas
|
0-0: Ball 1-0: Ball 2-0: Ground out 3-1 (Groundball, 34S, EV 78.8 MPH)
|
Top of the 6th over - 0 runs, 0 hits, 0 errors, 0 left on base; St. Louis 0 - Cleveland 0 |
BOTTOM OF THE 6TH |
Cleveland Indians batting - Pitching for St. Louis Cardinals : RHP Geoff Mooney
|
Batting: LHB Hector Pedroso
|
0-0: Foul Ball, location: 2F 0-1: Foul Ball, location: 2F 0-2: Ball 1-2: SINGLE (Groundball, 4M, EV 83.1 MPH) (infield hit)
|
Batting: SHB Dan Hill
|
0-0: Ball 1-0: Grounds into double play, 6-4-3 (Groundball, 6, EV 89.4 MPH)
|
Batting: RHB Justin Ganey
|
0-0: Fly out, F5 (Popup, 56S, EV 69.4 MPH)
|
Bottom of the 6th over - 0 runs, 1 hit, 0 errors, 0 left on base; St. Louis 0 - Cleveland 0 |
TOP OF THE 7TH |
St. Louis Cardinals batting - Pitching for Cleveland Indians : RHP Andy Zecher
|
Batting: LHB John Blair
|
0-0: Called Strike 0-1: Ball 1-1: Foul Ball, location: 2F 1-2: Ball 2-2: SOLO HOME RUN (Flyball, 7D, EV 98.8 MPH), Distance : 384 ft
|
Batting: RHB Bobby Scholl
|
0-0: Foul Ball, location: 2F 0-1: Foul Ball, location: 2F 0-2: Ball 1-2: SINGLE (Line Drive, 9LS, EV 108.8 MPH)
|
Batting: RHB Francisco Hernandez
|
0-0: Swinging Strike 0-1: Ball 1-1: Ball 2-1: Ball 3-1: Bunted foul 3-2: Fly out, F9 (Flyball, 9, EV 88.1 MPH)
|
Pitching: RHP Dan Korte
|
|
Batting: RHB Rick O'Reilly
|
0-0: Ball 1-0: Ball 2-0: Called Strike 2-1: Foul Ball, location: 2F 2-2: Ball 3-2: Ground out 5-3 (Groundball, 56, EV 98.8 MPH) Bobby Scholl to second
|
Batting: RHB Dustin Clark
|
0-0: Called Strike 0-1: Ball 1-1: Foul Ball, location: 2F 1-2: Strikes out swinging
|
Top of the 7th over - 1 run, 2 hits, 0 errors, 1 left on base; St. Louis 1 - Cleveland 0 |
BOTTOM OF THE 7TH |
Cleveland Indians batting - Pitching for St. Louis Cardinals : RHP Geoff Mooney
|
Batting: RHB Drtian Thaqi
|
0-0: Foul Ball, location: 2F 0-1: Ball 1-1: Foul Ball, location: 2F 1-2: Ball 2-2: Foul Ball, location: 2F 2-2: Foul Ball, location: 2F 2-2: Ball 3-2: Base on Balls
|
Batting: LHB Kyle Schaible
|
0-0: Bunted foul 0-1: Bunted foul 0-2: Reached on error, E2 (Groundball, 2R, EV 63.1 MPH) Drtian Thaqi to second
|
Batting: SHB Moe Lester
|
0-0: Foul Ball, location: 2F 0-1: Ball 1-1: Foul Ball, location: 2F 1-2: Fly out, F8 (Line Drive, 8RD, EV 101.3 MPH)
|
Batting: SHB Merrick Geter
|
0-0: Swinging Strike 0-1: Ball 1-1: Swinging Strike 1-2: Strikes out looking
|
Batting: LHB Arvin Dungca
|
0-0: Ball 1-0: Ball 2-0: Foul Ball, location: 2F 2-1: Reached on error, E4 (Line Drive, 4, EV 70.6 MPH) Drtian Thaqi to third Kyle Schaible to second
|
Batting: LHB Fernando Campos
|
0-0: SINGLE (Line Drive, 4MD, EV 103.8 MPH) Drtian Thaqi scores Kyle Schaible to third Arvin Dungca to second
|
Batting: LHB Hector Pedroso
|
0-0: Called Strike 0-1: Foul Ball, location: 2F 0-2: Ball 1-2: Ball 2-2: Ball 3-2: Foul Ball, location: 2F 3-2: Fly out, F9 (Flyball, 9S, EV 90.6 MPH)
|
Bottom of the 7th over - 1 run, 1 hit, 2 errors, 3 left on base; St. Louis 1 - Cleveland 1 |
TOP OF THE 8TH |
St. Louis Cardinals batting - Pitching for Cleveland Indians : RHP Dan Korte
|
Batting: LHB Tommy Luce
|
0-0: Ball 1-0: Ball 2-0: Ball 3-0: Called Strike 3-1: Base on Balls
|
Batting: RHB Tenshou Takita
|
0-0: Sac Bunt to 5S - play at first, batter OUT! 5-4 Tommy Luce to second
|
Batting: SHB Antoine Roux
|
0-0: Ball 1-0: Ball 2-0: Ball 3-0: Base on Balls
|
Batting: LHB Alex Vargas
|
0-0: Foul Ball, location: 2F 0-1: Ball 1-1: Fly out, F9 (Flyball, 89XD, EV 94.4 MPH) Runner from 2nd tags up, SAFE at 3rd, no throw by RF
|
Batting: LHB John Blair
|
0-0: Called Strike 0-1: Foul Ball, location: 2F 0-2: Ball 1-2: Ball 2-2: Fly out, F8 (Line Drive, 8RD, EV 98.1 MPH)
|
Top of the 8th over - 0 runs, 0 hits, 0 errors, 2 left on base; St. Louis 1 - Cleveland 1 |
BOTTOM OF THE 8TH |
Cleveland Indians batting - Pitching for St. Louis Cardinals : RHP Geoff Mooney
|
Pitching: RHP Guadalupe Vasguez
|
|
Batting: SHB Dan Hill
|
0-0: Ball 1-0: Ball 2-0: Called Strike 2-1: Foul Ball, location: 2F 2-2: Strikes out swinging
|
Batting: RHB Justin Ganey
|
0-0: Fly out, F8 (Flyball, 8LS, EV 88.1 MPH)
|
Batting: RHB Drtian Thaqi
|
0-0: Swinging Strike 0-1: Ball 1-1: Foul Ball, location: 2F 1-2: Strikes out swinging
|
Bottom of the 8th over - 0 runs, 0 hits, 0 errors, 0 left on base; St. Louis 1 - Cleveland 1 |
TOP OF THE 9TH |
St. Louis Cardinals batting - Pitching for Cleveland Indians : RHP Dan Korte
|
Pitching: RHP Hector Guerrero
|
|
Pinch Hitting: LHB Ben Rubenacker
|
0-0: Ball 1-0: Called Strike 1-1: Foul Ball, location: 2F 1-2: Ball 2-2: Strikes out looking
|
Batting: RHB Francisco Hernandez
|
0-0: Called Strike 0-1: Ground out U3 (Groundball, 34, EV 75.6 MPH)
|
Batting: RHB Rick O'Reilly
|
0-0: Fly out, F7 (Flyball, 78D, EV 96.9 MPH)
|
Top of the 9th over - 0 runs, 0 hits, 0 errors, 0 left on base; St. Louis 1 - Cleveland 1 |
BOTTOM OF THE 9TH |
Cleveland Indians batting - Pitching for St. Louis Cardinals : RHP Guadalupe Vasguez
|
Now at 1B: Ben Rubenacker
|
|
Now at SS: Rick O'Reilly
|
|
Batting: LHB Kyle Schaible
|
0-0: Called Strike 0-1: Foul Ball, location: 2F 0-2: Ball 1-2: Foul Ball, location: 2F 1-2: Ball 2-2: Strikes out looking
|
Batting: SHB Moe Lester
|
0-0: Called Strike 0-1: Ball 1-1: Foul Ball, location: 2F 1-2: Ball 2-2: Strikes out swinging
|
Batting: SHB Merrick Geter
|
0-0: Called Strike 0-1: Called Strike 0-2: Ball 1-2: Ball 2-2: Foul Ball, location: 2F 2-2: Strikes out swinging
|
Bottom of the 9th over - 0 runs, 0 hits, 0 errors, 0 left on base; St. Louis 1 - Cleveland 1 |
TOP OF THE 10TH |
St. Louis Cardinals batting - Pitching for Cleveland Indians : RHP Hector Guerrero
|
Batting: RHB Dustin Clark
|
0-0: Ball 1-0: Ball 2-0: Called Strike 2-1: Fly out, F3 (Popup, 3SF, EV 80.0 MPH)
|
Batting: LHB Tommy Luce
|
0-0: Foul Ball, location: 2F 0-1: Foul Ball, location: 2F 0-2: Strikes out looking
|
Batting: RHB Tenshou Takita
|
0-0: Ball 1-0: Ball 2-0: Called Strike 2-1: Called Strike 2-2: Strikes out swinging
|
Top of the 10th over - 0 runs, 0 hits, 0 errors, 0 left on base; St. Louis 1 - Cleveland 1 |
BOTTOM OF THE 10TH |
Cleveland Indians batting - Pitching for St. Louis Cardinals : RHP Guadalupe Vasguez
|
Pitching: RHP Tony Campos
|
|
Batting: LHB Arvin Dungca
|
0-0: Ball 1-0: Ball 2-0: Called Strike 2-1: DOUBLE (Line Drive, 9LS, EV 110.0 MPH)
|
Batting: LHB Fernando Campos
|
0-0: Ball 1-0: Called Strike 1-1: Ball 2-1: Ball 3-1: Base on Balls
|
Batting: LHB Hector Pedroso
|
0-0: Bunted foul 0-1: Sac Bunt to 13 - play at first, batter safe! Arvin Dungca to third Fernando Campos to second
|
Batting: SHB Dan Hill
|
0-0: Ball 1-0: Foul Ball, location: 2F 1-1: Foul Ball, location: 2F 1-2: Ball 2-2: SINGLE (Groundball, 4, EV 105.6 MPH) Arvin Dungca scores
|
Bottom of the 10th over - 1 run, 3 hits, 0 errors, 0 left on base; St. Louis 1 - Cleveland 2 |
|
Game Over ... Cleveland defeats St. Louis, 2 to 1
|
|
|